 Dungeon Crawl Stone Soup version 0.18-a0-1549-g08f95da (webtiles) character file.

123 Eptagon the Shield-Bearer (level 5, 16/41 HPs)
             Began as a Formicid Fighter on Mar 11, 2016.
             Quit the game on level 3 of the Dungeon.
             The game lasted 00:05:24 (2645 turns).

Eptagon the Shield-Bearer (Formicid Fighter)        Turns: 2645, Time: 00:05:24

Health: 16/41      AC:  8    Str: 25 (26) XL:     5   Next: 28%
Magic:  5/5        EV:  8    Int:  7      God:
Gold:   116        SH: 10    Dex:  8 (11) Spells: 0 memorised, 4 levels left

rFire  . . .     SeeInvis +     a - +0 war axe
rCold  . . .     Gourm    .     b - +0 scale mail
rNeg   . . .     Faith    .     c - +0 shield
rPois  .         Spirit   .     (helmet unavailable)
rElec  .         Dismiss  .     (no cloak)
rCorr  .         Reflect  .     g - +0 pair of gloves
SustAt .         Harm     .     (no boots)
MR     .....                    (no amulet)
Stlth  ..........               (no ring)
                                (no ring)

@: mighty, lethally poisoned (16 -> -15), not resistant to hostile enchantments,
extremely unstealthy
A: permanent stasis, dig shafts and tunnels, four strong arms, antennae 3
a: Dig, Shaft Self


You were on level 3 of the Dungeon.
You were not hungry.

You visited 1 branch of the dungeon, and saw 3 of its levels.

You collected 116 gold pieces.

Inventory:

Hand Weapons
 a - a +0 war axe (weapon)
Armour
 b - a +0 scale mail (worn)
 c - a +0 shield (worn)
 g - a +0 pair of gloves (worn)
Scrolls
 e - a scroll of teleportation {unknown}
 h - a scroll of magic mapping {unknown}
 j - a scroll of remove curse {unknown}
 l - a scroll of fog {unknown}
 q - a scroll of blinking {unknown}
 s - a scroll of identify
 u - a scroll of amnesia {unknown}
Potions
 d - a potion of might
 k - a potion of invisibility
 m - 2 potions of resistance
 n - a potion of magic
Comestibles
 f - a bread ration
 o - 2 fruits
 p - a slice of pizza
 r - a beef jerky
 t - a meat ration


   Skills:
 - Level 3.2 Fighting
 + Level 3.8 Axes
 - Level 3.2 Armour
 + Level 5.4 Shields


You had 4 spell levels left.
You didn't know any spells.

Dungeon Overview and Level Annotations

Branches:
Dungeon (3/15)

Altars:
Kikubaaqudgha
Makhleb
Pakellas

Annotations:
D:3 epen's ghost, amateur CeHu


Innate Abilities, Weirdness & Mutations

You are under a permanent stasis effect.
You can dig through walls and to a lower floor.
Your four strong arms can wield two-handed weapons with a shield.
You have a pair of large antennae on your head (SInv).


Message History

You feel sick. Epen's ghost hits you.
You slash epen's ghost!
Epen's ghost is moderately damaged.
You feel sick.
Epen's ghost hits you but does no damage.
You are lethally poisoned!
You block epen's ghost's attack.
You closely miss epen's ghost.
Epen's ghost is moderately damaged.
You feel very sick. Epen's ghost hits you.
You are more poisoned.
Drink which item? (? for menu, Esc to quit)
Okay, then.
Okay, then.
Press: ? - help, v - describe, . - travel, g - get item
Here: epen's ghost, wielding a weapon of venom (moderately damaged)
A giant newt corpse.
The floor.
Are you sure you want to abandon this character and quit the game? (Confirm with "yes".)

####### .......
##################†......
................@Wr.)....
##################b......
....... { ..[.... .......
....... ....... # .......
#


You could see epen's ghost, a bat and a rat.

Vanquished Creatures
  A worker ant (D:3)
  2 adders
  An ooze (D:1)
  4 worms (D:2)
  2 dart slugs (D:2)
  5 bats
  A giant cockroach (D:2)
  8 goblins
  4 hobgoblins
  11 jackals
  3 quokkas
  6 giant newts
  6 kobolds
  5 rats
59 creatures vanquished.

Vanquished Creatures (others)
  A deep elf annihilator (D:2)
1 creature vanquished.

Grand Total: 60 creatures vanquished

Notes
Turn   | Place    | Note
--------------------------------------------------------------
     0 | D:1      | Eptagon the Formicid Fighter began the quest for the Orb.
     0 | D:1      | Reached XP level 1. HP: 18/18 MP: 1/1
    49 | D:1      | Reached XP level 2. HP: 20/24 MP: 2/2
    53 | D:1      | Reached skill level 4 in Shields
   500 | D:1      | Reached XP level 3. HP: 21/29 MP: 3/3
  1355 | D:2      | Reached XP level 4. HP: 16/35 MP: 4/4
  1727 | D:2      | Found an oddly glowing altar of Pakellas.
  1728 | D:2      | Noticed a deep elf annihilator
  1732 | D:2      | Killed a deep elf annihilator
  1742 | D:2      | Reached skill level 5 in Shields
  2386 | D:3      | Found a burning altar of Makhleb.
  2386 | D:3      | Noticed a cacodemon
  2389 | D:3      | Noticed a smoke demon
  2389 | D:3      | Noticed a hellwing
  2432 | D:3      | Reached XP level 5. HP: 38/41 MP: 5/5
  2457 | D:3      | Found an ancient bone altar of Kikubaaqudgha.
  2624 | D:3      | Noticed epen's ghost (amateur CeHu)
  2645 | D:3      | Quit the game

Vault maps used:
D:1:      tarquinn_simple_flora_water_f, monster_avoids_cloud
D:2:      gammafunk_pakellas_spire_experiment
D:3:      kiku_gazebo_garden_becter, makhleb_altar_promises_db

Skill      XL: |  1  2  3  4 |
---------------+-------------+-----
Shields        | 4 5 |  5.4
Axes           | 3 |  3.8
Fighting       | |  3.2
Armour         | |  3.2

Action                   |  1- 3 |  4- 6 || total
-------------------------+-------+-------++-------
Melee: War axe           |   100 |   109 ||   209
  Use: Potion            |     4 |     1 ||     5
       Scroll            |       |     2 ||     2
  Eat: Chunk             |     1 |     5 ||     6
